 Dungeon Crawl Stone Soup version 0.22.1-2-g9c5b331383 (webtiles) character file.

42861 Peloso the Fencer (level 13, -1/119 HPs)
             Began as a Minotaur Fighter on Jan 4, 2019.
             Was the Champion of Okawaru.
             Succumbed to a black mamba's poison
             ... on level 6 of the Lair of Beasts.
             The game lasted 00:44:03 (16400 turns).

Peloso the Fencer (Minotaur Fighter)               Turns: 16400, Time: 00:44:03

Health: -1/119     AC: 22    Str: 29    XL:     13   Next: 87%
Magic:  12/12      EV: 11    Int:  8    God:    Okawaru [******]
Gold:   809        SH: 15    Dex: 16    Spells: 12/12 levels left

rFire    + + +     SeeInvis .   V - +4 scimitar (flame)
rCold    . . .     Gourm    .   c - +0 shield
rNeg     . . .     Faith    +   D - +1 plate armour
rPois    .         Spirit   .   (helmet restricted)
rElec    .         Reflect  .   Z - +1 cloak "Gyaps" {rF++ Dex+4}
rCorr    .         Harm     .   F - +0 pair of gloves "Oshref Somub" {Int+3}
MR       +....                  r - +0 pair of boots
Stlth    ..........             A - amulet of faith
HPRegen  0.29/turn              w - ring of protection from magic
MPRegen  0.13/turn              z - ring of protection from fire

@: mighty, lethally poisoned (-1 -> -16), berserk cooldown, starving, slowed,
very slow
A: retaliatory headbutt, horns 2
a: Heroism, Finesse, Renounce Religion


You were on level 6 of the Lair of Beasts.
You worshipped Okawaru.
Okawaru was exalted by your worship.
You were starving.

You visited 3 branches of the dungeon, and saw 19 of its levels.

You collected 1061 gold pieces.
You spent 252 gold pieces at shops.

Inventory:

Hand Weapons
 a - the +4 scimitar "Giaw" {speed, MR+ Str-5 Dex+2 Stlth+}
   (You bought it in a shop on level 4 of the Dungeon)

   Attacks with this weapon are significantly faster.
   It affects your strength (-5).
   It affects your dexterity (+2).
   It affects your resistance to hostile enchantments.
   It makes you more stealthy.
 V - a +4 scimitar of flaming (weapon)
Armour
 b - a +0 scale mail
 c - a +0 shield (worn)
 r - a +0 pair of boots (worn)
 D - a +1 plate armour (worn)
 F - the +0 pair of gloves "Oshref Somub" (worn) {Int+3}
   (Okawaru gifted it to you on level 5 of the Lair of Beasts)

   It affects your intelligence (+3).
 Z - the +1 cloak "Gyaps" (worn) {rF++ Dex+4}
   (Okawaru gifted it to you on level 1 of the Lair of Beasts)

   It affects your dexterity (+4).
   It greatly protects you from fire.
Jewellery
 g - an uncursed ring of protection from cold
 p - an uncursed ring of see invisible
 w - a ring of protection from magic (left hand)
 y - a +4 amulet of reflection
 z - a ring of protection from fire (right hand)
 A - an amulet of faith (around neck)
 U - the ring "Lupp" {Fire rPois Int+3}
   (You found it on level 10 of the Dungeon)

   [ring of fire]

   It enhances your fire magic.
   It affects your intelligence (+3).
   It protects you from fire.
   It makes you vulnerable to cold.
   It protects you from poison.
Wands
 m - a wand of flame (26)
 B - a wand of acid (8)
 Q - a wand of digging (4)
Scrolls
 k - a scroll of holy word {unknown}
 l - a scroll of identify
 n - 4 scrolls of fog
 s - 4 scrolls of teleportation
 t - 10 scrolls of remove curse
 u - 3 scrolls of enchant armour
 C - a scroll of immolation
 G - a scroll of blinking
 H - a scroll of enchant weapon
 T - a scroll of noise
Potions
 d - 3 potions of might
 h - a potion of resistance
 i - 4 potions of mutation
 v - 4 potions of berserk rage
 x - 6 potions of curing
 I - 4 potions of flight
 R - a potion of agility
Miscellaneous
 e - a crystal ball of energy
Comestibles
 f - 27 rations


   Skills:
 + Level 12.7 Fighting
 + Level 15.4 Long Blades
   Level 0.5 Axes
 + Level 12.4 Armour
 + Level 5.1 Dodging
 + Level 2.5 Stealth
 + Level 15.2 Shields
 + Level 0.8 Invocations
 + Level 0.9 Evocations


You had 12 spell levels left.
You didn't know any spells.
Your spell library contained the following spells:

 Spells                   Type           Power        Failure   Level  Hunger
 Corona                   Hex            #......      96%         1    ##.....
 Magic Dart               Conj           #...         96%         1    ##.....
 Blink                    Tloc           N/A          99%         2    ###....
 Call Imp                 Summ           #.......     99%         2    ###....
 Ensorcelled Hibernation  Hex/Ice        #.....       99%         2    ###....
 Slow                     Hex            #.......     99%         2    ###....
 Confuse                  Hex            #.......     100%        3    ####...
 Conjure Flame            Conj/Fire      #.......     100%        3    ####...
 Dazzling Spray           Conj/Hex       #.....       100%        3    ####...
 Mephitic Cloud           Conj/Pois/Air  #.......     100%        3    ####...
 Tukima's Dance           Hex            #.......     100%        3    ####...


Dungeon Overview and Level Annotations

Branches:
Dungeon (12/15)            Temple (1/1) D:6            Lair (6/6) D:8
 Shoals (0/4) Lair:4        Snake (0/4) Lair:3          Orc (0/2) D:9
  Slime: Lair:5-6

Altars:
Ashenzari
Cheibriados
Dithmenos
Elyvilon
Fedhas
Gozag
Hepliaklqana
Kikubaaqudgha
Okawaru
Ru
Sif Muna
Trog
Uskayaw
Xom
Yredelemnul
Zin
The Shining One

Shops:
D:4 (   D:6 (   D:12 (

Annotations:
Lair:5 exclusion: oklob plant


Innate Abilities, Weirdness & Mutations

You reflexively headbutt those who attack you in melee.
You have a pair of horns on your head.


Message History

You riposte.
You slash the polar bear! You burn the polar bear.
The polar bear is severely wounded.
The polar bear claws you but does no damage.
The polar bear closely misses you.
You slash the black mamba! You burn the black mamba.
Your headbutt misses the black mamba.
The black mamba is almost dead.
The black mamba bites you!
* * * LOW HITPOINT WARNING * * *
You are lethally poisoned!
The black mamba poisons you! You block the black mamba's attack.
The polar bear barely misses you. You furiously retaliate!
You headbutt the polar bear!
You riposte.
You slice the polar bear!! You burn the polar bear.
You kill the polar bear!
Okawaru accepts your kill.
You slash the black mamba! You burn the black mamba.
You kill the black mamba!
Okawaru accepts your kill.
You die...

.....P ..P...
.....#...!#
......
..........# ..
#.P...
.......<..####.8#
#PP.
.............P.#♣
.P
...............♣
...............♣♣
.................
.......@)........
....P............
..P..#...†P......
.......†.$.......
≈.≈≈≈≈.≈†≈≈≈.≈..≈
≈≈.#≈≈##≈≈.#≈≈#.≈
≈≈ #≈≈ .≈≈##≈≈# ≈
≈≈≈≈≈≈≈≈≈ ≈≈≈
≈≈≈≈ ≈≈≈≈≈≈ ≈≈≈


There were no monsters in sight!

Vanquished Creatures
  Rupert (Lair:6)
  Nessos (Lair:5)
  Azrael (D:12)
  Erolcha (D:9)
  4 hydras
  A death knight (D:11)
  A phantasmal warrior (D:11)
  2 deep elf magi (D:12)
  A manticore (D:11)
  A cyclops (D:12)
  2 ugly things
  7 black mambas
  7 elephants
  3 komodo dragons
  12 spiny frogs
  2 freezing wraiths (D:11)
  A kobold demonologist (D:12)
  A rime drake (Lair:6)
  3 polar bears
  2 trolls
  2 hornets
  Prince Ribbit (D:7)
  2 wind drakes (Lair:6)
  11 hippogriffs
  9 blink frogs
  5 slime creatures
  A spriggan (Lair:4)
  23 yaks
  2 wraiths (D:9)
  Sigmund (D:4)
  A wyvern (Lair:6)
  A human (D:8)
  3 fire elementals
  Menkaure (D:5)
  A hungry ghost (D:12)
  4 basilisks
  A soldier ant (D:11)
  4 hell hounds
  3 porcupines
  10 water moccasins
  Duvessa (D:4)
  3 black bears
  3 ice beasts (D:8)
  4 orc warriors
  A sky beast (D:9)
  6 necrophages (D:9)
  5 ogres
  8 wolves
  2 phantoms (D:9)
  5 centaurs (D:11)
  6 crocodiles
  Blork the orc (D:5)
  A big kobold (D:8)
  An elf zombie (D:9)
  12 bullfrogs
  A wyvern zombie (D:12)
  Dowan (D:4)
  3 scorpions
  A spriggan skeleton (D:12)
  6 howler monkeys
  5 wights (D:8)
  An electric eel (Lair:5)
  2 quasits
  A centaur zombie (D:8)
  5 crimson imps
  4 hounds
  5 bullfrog zombies
  3 human zombies (D:9)
  6 jellies
  4 bullfrog skeletons
  4 orc priests
  A gnoll shaman (D:6)
  10 centaur skeletons
  2 iguanas
  7 orc wizards
  13 worker ants
  Ijyb (D:5)
  Natasha (D:2)
  3 hound zombies
  3 mummies (D:9)
  A worker ant zombie (D:10)
  7 gnolls
  A howler monkey skeleton (D:6)
  7 adders
  A shadow imp (D:8)
  An ooze (D:5)
  2 adder zombies
  2 worms
  A dart slug (D:2)
  7 leopard geckos
  21 orcs
  3 giant cockroaches
  4 goblins
  8 hobgoblins
  16 jackals
  6 quokkas
  A ball python (D:4)
  6 bats
  7 frilled lizards
  A jackal zombie (D:5)
  13 kobolds
  An orc zombie (D:9)
  A quokka zombie (D:5)
  8 rats
  A plant (Lair:1)
419 creatures vanquished.

Vanquished Creatures (others)
  A centaur (D:11)
  4 bushes (D:9)
  2 fungi
  15 plants
22 creatures vanquished.

Grand Total: 441 creatures vanquished

Notes
Turn   | Place    | Note
-------+----------+-------------------------------------------
     0 | D:1      | Peloso the Minotaur Fighter began the quest for the Orb.
     0 | D:1      | Reached XP level 1. HP: 19/19 MP: 0/0
   160 | D:1      | Reached XP level 2. HP: 14/27 MP: 1/1
   799 | D:2      | Reached XP level 3. HP: 31/33 MP: 2/2
   876 | D:2      | Noticed Natasha
   888 | D:2      | Killed Natasha
   890 | D:2      | Reached XP level 4. HP: 20/40 MP: 3/3
   896 | D:2      | Reached skill level 1 in Dodging
  1693 | D:3      | Reached XP level 5. HP: 40/47 MP: 4/4
  2113 | D:4      | Reached skill level 5 in Fighting
  2137 | D:4      | Noticed an ogre
  2167 | D:4      | Killed an ogre
  2167 | D:4      | Reached XP level 6. HP: 31/56 MP: 5/5
  2310 | D:4      | Noticed Sigmund
  2310 | D:4      | Noticed Duvessa
  2310 | D:4      | Noticed Dowan
  2325 | D:4      | Killed Duvessa
  2325 | D:4      | Reached skill level 5 in Long Blades
  2336 | D:4      | Killed Dowan
  2336 | D:4      | Reached skill level 5 in Shields
  2344 | D:4      | Killed Sigmund
  2344 | D:4      | Reached skill level 5 in Armour
  2344 | D:4      | Reached skill level 1 in Stealth
  2344 | D:4      | Reached XP level 7. HP: 28/61 MP: 6/6
  2611 | D:4      | Found Rajar's Antique Weapon Emporium.
  2682 | D:5      | Entered Level 5 of the Dungeon
  2755 | D:5      | Found a hide-covered altar of Uskayaw.
  2885 | D:5      | Noticed Menkaure
  2888 | D:5      | Noticed Ijyb
  2891 | D:5      | Killed Menkaure
  2894 | D:5      | Killed Ijyb
  2937 | D:5      | Reached XP level 8. HP: 47/70 MP: 7/7
  3009 | D:5      | Found a shadowy altar of Dithmenos.
  3032 | D:5      | Found an opulent altar of Gozag.
  3118 | D:5      | Noticed Blork the orc
  3129 | D:5      | Killed Blork the orc
  3503 | D:6      | Found a staircase to the Ecumenical Temple.
  3536 | Temple   | Entered the Ecumenical Temple
  3565 | Temple   | Became a worshipper of Warmaster Okawaru
  3812 | D:6      | Found Isuesax's Antique Weapon Shoppe.
  3873 | D:6      | Found a shattered altar of Ashenzari.
  4006 | D:6      | Found a bloodstained altar of Trog.
  4181 | D:6      | Reached XP level 9. HP: 78/78 MP: 8/8
  4356 | D:6      | Reached * piety under Okawaru
  4533 | D:7      | Found a sacrificial altar of Ru.
  4658 | D:7      | Noticed Prince Ribbit
  4674 | D:7      | Killed Prince Ribbit
  5171 | D:4      | Bought an iridescent scimitar for 252 gold pieces
  5173 | D:4      | Identified the +4 scimitar "Giaw" {speed, MR+ Str-5 Dex+2
                  | Stlth+} (You bought it in a shop on level 4 of the Dungeon)
  5347 | D:8      | Found a staircase to the Lair.
  5360 | D:8      | Reached ** piety under Okawaru
  5360 | D:8      | Reached skill level 10 in Long Blades
  5649 | D:8      | Reached XP level 10. HP: 86/86 MP: 9/9
  6176 | D:9      | Found a blossoming altar of Fedhas.
  6196 | D:9      | Noticed Erolcha
  6214 | D:9      | Killed Erolcha
  6214 | D:9      | Reached *** piety under Okawaru
  6214 | D:9      | Reached skill level 10 in Shields
  6252 | D:9      | Found a staircase to the Orcish Mines.
  6749 | D:9      | Found an ancient bone altar of Kikubaaqudgha.
  7025 | D:10     | Entered Level 10 of the Dungeon
  7179 | D:10     | Reached **** piety under Okawaru
  7253 | D:10     | Reached XP level 11. HP: 94/94 MP: 10/10
  7628 | D:10     | Got a crude pewter ring
  7630 | D:10     | Identified the ring "Lupp" {Fire rPois Int+3} (You found it
                  | on level 10 of the Dungeon)
  8005 | D:11     | Noticed a red ugly thing
  8015 | D:11     | Killed a red ugly thing
  8133 | D:11     | Noticed a four-headed hydra
  8149 | D:11     | Killed a one-headed hydra
  8194 | D:11     | Found a deep blue altar of Sif Muna.
  8443 | D:11     | Reached ***** piety under Okawaru
  9039 | D:12     | Noticed a death knight
  9039 | D:12     | Noticed a phantasmal warrior
  9408 | D:11     | Killed a phantasmal warrior
  9572 | D:11     | Killed a death knight
  9847 | D:11     | Received a gift from Okawaru
  9987 | D:12     | Noticed Azrael
 10129 | D:12     | Noticed a deep elf mage
 10140 | D:12     | Killed Azrael
 10140 | D:12     | Reached skill level 10 in Fighting
 10151 | D:12     | Killed a deep elf mage
 10354 | D:12     | Noticed a purple ugly thing
 10385 | D:12     | Killed a purple ugly thing
 10385 | D:12     | Reached XP level 12. HP: 68/106 MP: 11/11
 10878 | D:12     | Reached skill level 10 in Armour
 10900 | D:12     | Found Saic's Antique Weapon Shoppe.
 11399 | Lair:1   | Entered Level 1 of the Lair of Beasts
 11452 | Lair:1   | Received a gift from Okawaru
 11457 | Lair:1   | Got a heavily runed cloak {god gift}
 11468 | Lair:1   | Identified the +1 cloak "Gyaps" {rF++ Dex+4} (Okawaru
                  | gifted it to you on level 1 of the Lair of Beasts)
 11618 | Lair:1   | Noticed an eight-headed hydra
 11627 | Lair:1   | Killed a three-headed hydra
 12685 | Lair:2   | Reached skill level 5 in Dodging
 13278 | Lair:3   | Noticed an eight-headed hydra
 13293 | Lair:3   | Killed a four-headed hydra
 13518 | Lair:3   | Found a staircase to the Snake Pit.
 13877 | Lair:4   | Reached XP level 13. HP: 88/117 MP: 12/12
 14653 | Lair:4   | Received a gift from Okawaru
 14873 | Lair:4   | Found a staircase to the Shoals.
 15367 | Lair:5   | Reached skill level 15 in Long Blades
 15378 | Lair:5   | Reached ****** piety under Okawaru
 15628 | Lair:5   | Noticed Nessos
 15634 | Lair:5   | Killed Nessos
 15787 | Lair:5   | Received a gift from Okawaru
 15792 | Lair:5   | Got a pair of encrusted gloves {god gift}
 15824 | Lair:5   | Identified the +0 pair of gloves "Oshref Somub" {Int+3}
                  | (Okawaru gifted it to you on level 5 of the Lair of Beasts)
 16325 | Lair:6   | Entered Level 6 of the Lair of Beasts
 16325 | Lair:6   | Noticed Rupert
 16368 | Lair:6   | Killed Rupert
 16368 | Lair:6   | Reached skill level 15 in Shields
 16399 | Lair:6   | HP: 1/119 [black mamba (11)]
 16400 | Lair:6   | Succumbed to a black mamba's poison

Skill      XL: |  1  2  3  4  5  6  7  8  9 10 11 12 13 |
---------------+----------------------------------------+-----
Armour         | 4 5 6 7 8 9 11 12 | 12.4
Shields        | 4 5 6 7 9 10 11 13 15 | 15.2
Fighting       | 4 5 6 7 8 10 11 12 | 12.7
Long Blades    | 3 4 5 6 8 10 12 14 15 | 15.4
Dodging        | 1 2 3 4 5 |  5.1
Stealth        | 1 2 |  2.5
Axes           | |  0.5
Invocations    | |  0.8
Evocations     | |  0.9

Action                   |  1- 3 |  4- 6 |  7- 9 | 10-12 | 13-15 || total
-------------------------+-------+-------+-------+-------+-------++-------
Melee: Long sword        |    82 |   140 |   234 |       |       ||   456
       Headbutt          |    10 |    36 |    76 |   174 |    73 ||   369
       Scimitar          |       |       |   101 |   746 |   217 ||  1064
       Hand axe          |       |       |       |     5 |       ||     5
Invok: Heroism           |       |       |       |     4 |     1 ||     5
Evoke: Wand              |       |       |     2 |     5 |       ||     7
  Use: Potion            |       |     4 |       |     1 |     5 ||    10
       Scroll            |       |       |       |    11 |    13 ||    24
 Stab: Invisible         |       |     3 |       |       |       ||     3
       Confused          |       |       |     1 |       |       ||     1
  Eat: Chunk             |       |     5 |    10 |    20 |     7 ||    42
       Ration            |       |       |       |     2 |       ||     2
Armor: Scale mail        |    58 |    53 |     7 |       |       ||   118
       Chain mail        |       |       |    71 |    84 |       ||   155
       Plate armour      |       |       |       |   100 |   130 ||   230
Dodge: Dodged            |    35 |    40 |    55 |   132 |    99 ||   361
Block: Shield            |    46 |    90 |   208 |   410 |   240 ||   994
       Reflection        |       |     1 |     5 |     8 |     2 ||    16
       Rpst.: Long sword |    13 |    11 |    15 |       |       ||    39
       Scimitar          |       |       |     2 |    31 |    30 ||    63
